 Dungeon Crawl Stone Soup version 0.22.1-1-ga44c0e56f4 (webtiles) character file.

40 Knicklaso the Chiller (level 3, -5/26 HPs)
             Began as a Merfolk Ice Elementalist on Sept 30, 2018.
             Slain by a phantom (8 damage)
             ... on level 2 of the Dungeon.
             The game lasted 00:04:23 (1224 turns).

Knicklaso the Chiller (Merfolk Ice Elementalist)    Turns: 1224, Time: 00:04:23

Health: -5/26      AC:  2    Str:  8    XL:     3   Next: 50%
Magic:  1/6        EV: 13    Int: 14    God:
Gold:   76         SH:  0    Dex: 15    Spells: 0/6 levels left

rFire    . . .     SeeInvis .   b - +2 dagger (protect)
rCold    . . .     Gourm    .   (no shield)
rNeg     . . .     Faith    .   a - +0 robe
rPois    .         Spirit   .   (no helmet)
rElec    .         Reflect  .   (no cloak)
rCorr    .         Harm     .   (no gloves)
MR       .....                  (no boots)
Stlth    ++........             (no amulet)
HPRegen  0.08/turn              (no ring)
MPRegen  0.10/turn              (no ring)

@: no status effects
A: change form in water, swift swim, stealthy swim
a: no special abilities


You were on level 2 of the Dungeon.
You were hungry.

You visited 1 branch of the dungeon, and saw 2 of its levels.

You collected 76 gold pieces.

Inventory:

Hand Weapons
 b - a +2 dagger of protection (weapon)
Armour
 a - a +0 robe (worn)
Jewellery
 d - a cursed ring of attention {unknown}
 f - a +5 ring of dexterity {unknown}
Scrolls
 e - a scroll of magic mapping {unknown}
 g - a scroll of amnesia {unknown}
Potions
 h - a potion of resistance {unknown}
 i - a potion of curing {unknown}
 j - a potion of brilliance {unknown}
Comestibles
 c - 5 rations


   Skills:
 + Level 1.0 Fighting
 + Level 3.3 Dodging
 - Level 2.1 Stealth
 + Level 2.3 Spellcasting
 - Level 0.7 Conjurations
 * Level 4.0 Ice Magic


You couldn't memorise any spells.
You knew the following spells:

 Your Spells              Type           Power        Failure   Level  Hunger
a - Freeze                Ice            ##..         4%          1    #......
b - Throw Frost           Conj/Ice       #.....       13%         2    ###....
c - Ozocubu's Armour      Chrm/Ice       #.......     30%         3    ###....

Your spell library contained the following spells:

 Spells                   Type           Power        Failure   Level  Hunger
 Throw Icicle             Conj/Ice       #.......     63%         4    #####..
 Summon Ice Beast         Ice/Summ       #.......     69%         4    #####..


Dungeon Overview and Level Annotations

Branches:
Dungeon (2/15)

Altars:


Message History

The phantom hits you!
* * * LOW HITPOINT WARNING * * *
Casting: Freeze (safe; 4% risk of failure)
Confirm with . or Enter, or press ? or * to list all spells.
Aiming: Freeze (safe; 4% risk of failure)
Press: ? - help, Shift-Dir - straight line, f/p - phantom
Aim: a phantom (lightly damaged)
You freeze the phantom.
The phantom resists.
The phantom is lightly damaged.
You are feeling hungry.
The phantom closely misses you.
Casting: Freeze (safe; 4% risk of failure)
Confirm with . or Enter, or press ? or * to list all spells.
Aiming: Freeze (safe; 4% risk of failure)
Press: ? - help, Shift-Dir - straight line, f/p - phantom
Aim: a phantom (lightly damaged)
You freeze the phantom.
The phantom completely resists.
The phantom is lightly damaged.
The phantom hits you!
You die...

.#..#####..# ........#.#
...## ...... $ ########..#
.ยง## ....### .# #.### .##
####...##.# #.### .# .#....#
####.... .# ......g
####....### .# ###..#
......#.# .#
####...######..###.#...# .#
#.......W@.......# #..###.
##
###.###..####.####...#......
## #...# ##.# .. #...#.###
.# #.### #.# ..#...##...##
.# ##.# #.# .#..# #.#..# W#
#..# #.. .... ...##.# .#
##..######.# .#...### #.#
.###..........# #.# #.#
.##...#####.. #..


You could see a phantom.

Vanquished Creatures
  An adder (D:2)
  A giant cockroach (D:1)
  2 goblins (D:1)
  5 hobgoblins
  3 jackals (D:1)
  5 bats (D:1)
  3 frilled lizards (D:1)
  6 kobolds
  5 rats
31 creatures vanquished.

Notes
Turn   | Place    | Note
-------+----------+-------------------------------------------
     0 | D:1      | Knicklaso the Merfolk Ice Elementalist began the quest for
                  | the Orb.
     0 | D:1      | Reached XP level 1. HP: 13/13 MP: 3/3
   170 | D:1      | Reached XP level 2. HP: 19/19 MP: 5/5
   457 | D:1      | Reached XP level 3. HP: 25/25 MP: 6/6
   836 | D:2      | Reached skill level 1 in Fighting
   836 | D:2      | Reached skill level 4 in Ice Magic
  1064 | D:2      | Learned a level 2 spell: Throw Frost
  1068 | D:2      | Learned a level 3 spell: Ozocubu's Armour
  1080 | D:2      | Noticed a phantom
  1224 | D:2      | Slain by a phantom

Skill      XL: |  1  2  3 |
---------------+----------+-----
Dodging        | 3 |  3.3
Fighting       | 1 |  1.0
Ice Magic      | 4 |  4.0
Stealth        | |  2.1
Spellcasting   | |  2.3
Conjurations   | |  0.7

Action                   || total
-------------------------++-------
Melee: Dagger            ||    59
 Cast: Freeze            ||    23
       Throw Frost       ||     2
 Stab: Sleeping          ||     5
  Eat: Chunk             ||     1
Armor: Robe              ||    21
Dodge: Dodged            ||    53
